 Dungeon Crawl Stone Soup version 0.30-a0-924-g0ad0bf95bc (webtiles) character file.

Game seed: 10670650985730700728

189 Pimp the Ducker (level 5, -5/41 HPs)
             Began as a Merfolk Gladiator on Mar 22, 2023.
             Slain by an ogre
             ... wielding a +0 giant club
              (24 damage)
             ... on level 5 of the Dungeon.
             The game lasted 00:04:50 (1679 turns).

Pimp the Ducker (Merfolk Gladiator)                 Turns: 1679, Time: 00:04:50

Health: -5/41      AC:  9    Str: 14    XL:     5   Next: 68%
Magic:  6/6        EV: 11    Int:  9    God:
Gold:   113        SH:  0    Dex: 16    Spells: 6/6 levels left

rFire   . . .      SeeInvis .    a - +1 trident
rCold   . . .      Faith    .    (no shield)
rNeg    . . .      Spirit   .    n - +0 scale mail
rPois   .          Reflect  .    c - +1 helmet
rElec   .          Rampage  .    (no cloak)
rCorr   .                        (no gloves)
Will    .....                    m - +0 pair of boots Stlth
                                 (no amulet)
HPRegen 0.26/turn                (no ring)
MPRegen 0.10/turn                (no ring)

@: no status effects
A: (nimble swimmer 2), mertail
a: no special abilities


You were on level 5 of the Dungeon.
You visited 1 branch of the dungeon, and saw 4 of its levels.

You collected 113 gold pieces.

Inventory:

Hand Weapons
 a - a +1 trident (weapon)
Missiles
 d - 3 throwing nets (quivered)
 e - a javelin
Armour
 b - a +0 leather armour
 c - a +1 helmet (worn)
 m - a +0 pair of boots (worn)
 n - a +0 scale mail (worn)
Scrolls
 l - a scroll of silence
Potions
 f - a potion of magic
 g - 2 potions of heal wounds {unknown}
 h - 2 potions of brilliance
 i - a potion of ambrosia {unknown}
 j - a potion of resistance {unknown}
 k - a potion of lignification {unknown}
 s - a potion of degeneration {unknown}


   Skills:
 + Level 3.3 Fighting
 + Level 5.0 Polearms
 + Level 3.0 Throwing
 + Level 0.9 Armour
 + Level 5.2 Dodging
 + Level 1.2 Spellcasting


You had 6 spell levels left.
You didn't know any spells.
Your spell library contained the following spells:

 Spells                   Type           Power      Damage    Failure   Level
 Sandblast                Erth           0%         2d4       85%         1
 Passwall                 Tmut/Erth      0%         N/A       94%         2
 Stone Arrow              Conj/Erth      0%         3d7       99%         3


Dungeon Overview and Level Annotations

Branches:
Dungeon (5/15)
 Temple: D:4-7

Altars:
Wu Jian

Shops:
D:1 (   D:5 =


Innate Abilities, Weirdness & Mutations

((You are very nimble when in or above water. (Stealth+, EV+, Speed+++)))
Your lower body shifts to a powerful aquatic tail in water.


Message History

There is a lethal amount of poison in your body!
There is a lethal amount of poison in your body!
* * * LOW HITPOINT WARNING * * *
You feel very sick.
You feel better.
You start resting.
HP restored.
You see here a scorpion corpse.
You pick up a book of Geomancy and begin reading...
You add the spells Sandblast, Passwall and Stone Arrow to your library.
You now have 113 gold pieces (gained 12).
j - an amethyst potion An ogre comes into view.
It is wielding a +0 giant club.
Found a scroll labelled YHANLICOM.
The ogre shouts!
Okay, then.
Reach: a) +1 trident
Press: ? - help, Dir - move target, f - ogre
Aim: an ogre, wielding a +0 giant club (about 23% to evade your +1 trident)
You reach to attack!
You hit the ogre.
The ogre is lightly wounded.
You puncture the ogre!
The ogre is moderately wounded.
The ogre hits you with a +0 giant club!!
Reach: a) +1 trident
Press: ? - help, Dir - move target, f/p - ogre
Aim: an ogre, wielding a +0 giant club (moderately wounded, about 23% to evade your +1 trident)
You hit the ogre.
The ogre is heavily wounded.
The ogre hits you with a +0 giant club.
You hit the ogre.
The ogre is severely wounded.
The ogre barely misses you.
You barely miss the ogre.
The ogre is severely wounded.
You hit the ogre.
The ogre is almost dead.
The ogre hits you with a +0 giant club!!
Ouch! That really hurt!
You die...

.. .. #. ## #.
.........# #.. #.
#......... .#..##.
##........ .......
##........
#....##.......#
?.#...O@.......###
........##......#...# ##
.....#........###...###.
#.##.
##...##............
###.#.##
##...##.##........
......# #..###..#.....
#.
#....#####..#.........
#. #..........#.........
#.
#......##............##.


You could see an ogre.

Vanquished Creatures
  2 scorpions (D:5)
  An adder (D:5)
  A shadow imp (D:5)
  A worm (D:2)
  4 orcs (D:5)
  8 ball pythons
  5 endoplasms
  A giant cockroach (D:2)
  7 goblins
  A hobgoblin (D:2)
  3 quokkas
  5 bats
  2 frilled lizards (D:1)
  2 kobolds (D:2)
  3 rats
46 creatures vanquished.

Notes
Turn   | Place    | Note
-------+----------+-------------------------------------------
     0 | D:1      | Pimp the Merfolk Gladiator began the quest for the Orb.
     0 | D:1      | Reached XP level 1. HP: 16/16 MP: 1/1
   183 | D:1      | Reached XP level 2. HP: 23/23 MP: 2/2
   197 | D:1      | Found Achyjuw's Weapon Shop.
   430 | D:1      | Reached XP level 3. HP: 28/28 MP: 3/3
   789 | D:2      | Found an ornate altar of the Wu Jian Council.
  1316 | D:3      | You fall into a shaft and drop 2 floors!
  1316 | D:5      | Entered Level 5 of the Dungeon
  1340 | D:5      | Reached XP level 4. HP: 34/34 MP: 4/4
  1405 | D:5      | Noticed a scorpion
  1407 | D:5      | Found Huohuiz's Jewellery Shop.
  1421 | D:5      | Killed a scorpion
  1422 | D:5      | Reached skill level 5 in Dodging
  1422 | D:5      | Reached skill level 1 in Spellcasting
  1422 | D:5      | Reached XP level 5. HP: 32/41 MP: 4/6
  1501 | D:5      | Reached skill level 5 in Polearms
  1672 | D:5      | Noticed an ogre
  1679 | D:5      | Slain by an ogre

Illustrated notes

Levels and vault maps discovered:
D:1:      dpeg_arrival_pits, layout_rooms, serial_shops, shop,
          minmay_misc_feat_enclosed, minmay_strange_pillars
D:2:      minmay_inner_zag, layout_rooms, basic_altar
D:3:      layout_basic, chequers_temple_overflow_statue_of_worship,
          ebering_ecumenical_altar_webs, uniq_sigmund
D:5:      layout_cave_pools, mainiacjoe_overflow_big_doors, serial_shops, shop

Skill      XL: |  1  2  3  4  5 |
---------------+----------------+-----
Fighting       | 3 |  3.3
Dodging        | 5 |  5.2
Spellcasting   | 1 |  1.2
Polearms       | 5 |  5.0
Throwing       | 3 |  3.0
Armour         | |  0.9

Action                     |  1- 3 |  4- 6 || total
---------------------------+-------+-------++-------
  Melee: Trident           |   125 |    50 ||   175
    Use: Scroll            |     8 |       ||     8
         Potion            |       |     3 ||     3
 Armour: Leather armour    |    26 |       ||    26
         Scale mail        |    25 |    21 ||    46
  Dodge: Dodged            |   120 |    23 ||   143

Table legend: (Time is in decaauts)
 A = Elapsed time spent in this place.
 B = Non-inter-level travel time spent in this place.
 C = Inter-level travel time spent in this place.
 D = Time resting spent in this place.
 E = Time spent auto-exploring this place.
 F = Levels seen in this place.
 G = Mean time per level.
                   A        B        C        D        E       F      G
               +--------+--------+--------+--------+--------+-----+--------+
         Total |   1692 |   1606 |     86 |    239 |    888 |   4 |  423.0 |
       Dungeon |   1692 |   1606 |     86 |    239 |    888 |   4 |  423.0 |
               +--------+--------+--------+--------+--------+-----+--------+

Top non-repeatable levels by time:
     D:1: 671 daAuts
     D:2: 654 daAuts
     D:5: 366 daAuts
